 Dungeon Crawl Stone Soup version 0.27-a0-1140-g099f9bb0e8 (webtiles) character file.

Game seed: 825642629180104240

254977 funkygono the Hoplite (level 19, -7/177 HPs)
             Began as a Minotaur Fighter on May 7, 2021.
             Was a High Priest of Okawaru.
             Killed from afar by an ironbound frostheart (52 damage)
             ... with a frost
             ... on level 1 of the Vaults on May 9, 2021.
             The game lasted 02:29:36 (36812 turns).

funkygono the Hoplite (Minotaur Fighter)           Turns: 36812, Time: 02:29:36

Health: -7/177     AC: 36    Str: 35    XL:     19   Next: 3%
Magic:  22/22      EV: 10    Int:  5    God:    Okawaru [*****.]
Gold:   3866       SH: 38    Dex: 13    Spells: 13/18 levels left

rFire    + . .     SeeInvis +   a - +5 flail (protect)
rCold    . . .     Faith    .   N - +18 shield of the Gong {rElec rN+ Will+ EV-5}
rNeg     + + .     Spirit   .   S - +1 plate armour {Will+}
rPois    +         Reflect  .   H - +0 mask of the Dragon {Will+ Slay+3 SInv}
rElec    +         Harm     .   B - +1 cloak {rPois}
rCorr    +         Rampage  .   T - +1 pair of gloves {Str+3}
Will     ++++.                  Q - +1 pair of boots {Fly}
Stlth    ..........             v - amulet of regeneration
HPRegen  1.39/turn              G - +6 ring of strength
MPRegen  0.18/turn              R - ring of Putop {rF+ rN+ rCorr}

@: mighty, heroic, under a protective aura, flying, studying Maces & Flails
A: horns 2, retaliatory headbutt
}: 2/15 runes: decaying, gossamer
a: Renounce Religion, Heroism, Finesse


You were on level 1 of the Vaults.
You worshipped Okawaru.
Okawaru was extremely pleased with you.
You visited 7 branches of the dungeon, and saw 33 of its levels.
You also visited: Bailey, Gauntlet and Volcano.

You collected 5218 gold pieces.
You spent 1352 gold pieces at shops.

Inventory:

Hand Weapons
 a - a +5 flail of protection (weapon)
 b - a +0 hand crossbow of freezing
 y - a +1 morningstar of holy wrath
 I - a +2 flail of flaming
Missiles
 r - 435 bolts
Armour
 B - a +1 cloak of poison resistance (worn)
 H - the +0 mask of the Dragon (worn) {Will+ Slay+3 SInv}
   (You found it in a bailey)

   It affects your accuracy and damage with ranged weapons and melee attacks
   (+3).
   It lets you see invisible.
   It increases your willpower.
 N - the +18 shield of the Gong (worn) {rElec rN+ Will+ EV-5}
   (You acquired it on level 4 of the Swamp)

   It affects your evasion (-5).
   It insulates you from electricity.
   It protects you from negative energy.
   It increases your willpower.
 Q - a +1 pair of boots of flying (worn)
 S - a +1 plate armour of willpower (worn)
 T - a +1 pair of gloves of strength (worn)
Jewellery
 d - a ring of willpower
 n - a +6 ring of strength
 o - the ring "Ryathram" {Will- rCorr Str+6 SInv}
   (You found it on level 2 of the Spider Nest)

   [ring of strength]

   It affects your strength (+6).
   It lets you see invisible.
   It protects you from acid and corrosion.
   It decreases your willpower.
 v - an amulet of regeneration (around neck)
 C - a ring of resist corrosion
 G - a +6 ring of strength (left hand)
 R - the ring of Putop (right hand) {rF+ rN+ rCorr}
   (You found it on level 9 of the Dungeon)

   [ring of resist corrosion]

   It protects you from fire.
   It protects you from negative energy.
   It protects you from acid and corrosion.
Wands
 c - a wand of mindburst (12)
 i - a wand of flame (31)
 K - a wand of digging (14)
 L - a wand of iceblast (16)
Scrolls
 f - 13 scrolls of teleportation
 g - 3 scrolls of holy word
 m - 3 scrolls of blinking
 p - 3 scrolls of fear
 s - a scroll of identify
 w - a scroll of summoning
 x - 6 scrolls of fog
Potions
 h - 5 potions of cancellation
 j - 4 potions of mutation
 k - 10 potions of curing
 l - 5 potions of haste
 q - 6 potions of berserk rage
 t - 2 potions of resistance
 z - 4 potions of invisibility
 A - 8 potions of ambrosia
 D - 3 potions of heal wounds
 E - a potion of might


   Skills:
 + Level 17.0(22.0) Fighting
 + Level 19.7(24.7) Maces & Flails
 + Level 12.0(17.0) Crossbows
 + Level 15.5(20.5) Armour
 + Level 9.9(14.9) Dodging
 + Level 2.2(7.2) Stealth
 + Level 21.5(26.5) Shields
 + Level 0.3 Spellcasting
 + Level 5.5 Invocations
 + Level 4.3 Evocations


You had 13 spell levels left.
You knew the following spells:

 Your Spells              Type           Power      Damage    Failure   Level
a - Apportation           Tloc           0%         N/A       86%         1
b - Sandblast             Erth           0%         2d4       87%         1
c - Passwall              Tmut/Erth      0%         N/A       95%         2
d - Beastly Appendage     Tmut           0%         N/A       87%         1

Your spell library contained the following spells:

 Spells                   Type           Power      Damage    Failure   Level
 Animate Skeleton         Necr           0%         N/A       87%         1
 Corona                   Hex            0%         N/A       87%         1
 Freeze                   Ice            0%         1d3       87%         1
 Summon Small Mammal      Summ           0%         N/A       87%         1
 Corpse Rot               Necr/Air       N/A        N/A       95%         2
 Poisonous Vapours        Pois/Air       0%         N/A       95%         2
 Wereblood                Tmut           0%         N/A       95%         2
 Confusing Touch          Hex            0%         N/A       99%         3
 Conjure Flame            Conj/Fire      0%         6-21      99%         3
 Frozen Ramparts          Ice            0%         1d2       99%         3
 Gell's Gravitas          Tloc           0%         N/A       99%         3
 Lesser Beckoning         Tloc           0%         N/A       99%         3
 Mephitic Cloud           Conj/Pois/Air  0%         N/A       99%         3
 Ozocubu's Armour         Ice            0%         N/A       99%         3
 Spider Form              Tmut/Pois      0%         N/A       99%         3
 Stone Arrow              Conj/Erth      0%         3d7       99%         3
 Tukima's Dance           Hex            0%         N/A       99%         3
 Hailstorm                Conj/Ice       0%         3d3       100%        4
 Ice Form                 Ice/Tmut       0%         N/A       100%        4
 Petrify                  Tmut/Erth      0%         N/A       100%        4
 Summon Ice Beast         Ice/Summ       0%         N/A       100%        4
 Alistair's Intoxication  Tmut/Pois      0%         N/A       100%        5
 Bolt of Magma            Conj/Fire/Erth 0%         4d4       100%        5
 Hydra Form               Tmut           0%         N/A       100%        5
 Irradiate                Conj/Tmut      0%         3d13      100%        5
 Iskenderun's Battlesphe  Conj           0%         2d6       100%        5
 Lee's Rapid Deconstruct  Erth           0%         3d5*      100%        5
 Metabolic Englaciation   Hex/Ice        0%         N/A       100%        5
 Summon Forest            Summ/Tloc      0%         N/A       100%        5
 Yara's Violent Unravell  Hex/Tmut       0%         3d3       100%        5
 Blade Hands              Tmut           0%         N/A       100%        6
 Eringya's Noxious Bog    Tmut/Pois      0%         N/A       100%        6
 Freezing Cloud           Conj/Ice/Air   0%         6-21      100%        6
 Invisibility             Hex            0%         N/A       100%        6
 Iron Shot                Conj/Erth      0%         9d1       100%        6
 Statue Form              Tmut/Erth      0%         N/A       100%        6
 Dragon Form              Tmut           0%         N/A       100%        7
 Orb of Destruction       Conj           0%         N/A       100%        7
 Spellforged Servitor     Conj/Summ      0%         N/A       100%        7
 Summon Hydra             Summ           0%         N/A       100%        7


Dungeon Overview and Level Annotations

Branches:
Dungeon (15/15)            Temple (1/1) D:5            Lair (6/6) D:11
  Swamp (4/4) Lair:2       Spider (4/4) Lair:2        Slime (0/5) Lair:5
    Orc (2/2) D:12            Elf (0/3) Orc:2        Vaults (1/5) D:13
 Depths (0/5) D:15         Bailey (visited)         Volcano (visited)
Gauntlet (visited)

Altars:
Ashenzari
Cheibriados
Dithmenos
Elyvilon
Fedhas
Gozag
Hepliaklqana
Kikubaaqudgha
Makhleb
Nemelex Xobeh
Okawaru
Qazlal
Ru
Sif Muna
Trog
Uskayaw
Vehumet
Wu Jian
Xom
Yredelemnul
Zin
The Shining One
Beogh

Shops:
D:1 [   D:3 :?   D:7 (   Orc:1 ?!   Orc:2 *:([


Innate Abilities, Weirdness & Mutations

You have a pair of horns on your head.
You reflexively headbutt those who attack you in melee.


Message History

You hit the dire elephant but do no damage.
You headbutt the dire elephant.
The dire elephant is lightly wounded.
The ironbound beastmaster goads on nearby beasts.
The dire elephant tramples you but does no damage.
You block the dire elephant's attack.
BONNNG!
You block the dire elephant's attack.
PTOANNNG!
You block the dire elephant's attack.
BONNNG!
You hear a shout!
You hit the dire elephant but do no damage.
The dire elephant is lightly wounded.
You block the dire elephant's attack.
SHROANNG!
You block the dire elephant's attack.
BONNNG!
The ironbound beastmaster goads on nearby beasts.
You hear a shout!
You barely miss the dire elephant.
You headbutt the dire elephant, but do no damage.
The dire elephant is lightly wounded.
You block the dire elephant's attack.
GONNNNG!
You block the dire elephant's attack.
BOUMMMMG!
You hear a shout!
You bludgeon the dire elephant!! You headbutt the dire elephant!!
The dire elephant is heavily wounded.
You block the dire elephant's attack.
BONNNG!
You block the dire elephant's attack.
GONNNNG!
You hear a shout!
Unknown command.
Press: ? - help, v - describe, . - travel
Here: an ironbound frostheart, wearing a +0 ring mail The floor.
You feel much better.
The ironbound frostheart calls freezing cold from the walls.
The frost grips you!!!
You die...

#...+ #...# #...# #...# #...#
#...# #...# #...# #...# #...#
###########...# #...####
..............# #.p.....
..............############.p.....
........).......@Ypp..pp.)cpT....
....#########..#############.....
....# #..# #..... ###.# #..#
#p...> ..'.# #..# #.....
..#.#...... #..# #....O
..#.#...... #..# #pcc..
.)#.#...... #..# #p....
..#.#...... #..†..


You could see a dire elephant, 2 ironbound frosthearts, an ironbound beastmaster
and an ironbound convoker.

Vanquished Creatures
  Saint Roka (Orc:2)
  A bone dragon (Swamp:4)
  Arachne (Spider:3)
  A thorn hunter (Swamp:4)
  The ghost of wakim the Devastator, an adept DECj of Vehumet (Swamp:3)
  A fenstrider witch (Swamp:2)
  3 ghost moths
  2 vault wardens (Vaults:1)
  9 emperor scorpions
  A very ugly thing (D:11)
  An ironbound preserver (Vaults:1)
  A minotaur (Gauntlet)
  Azrael (Spider:2)
  4 bunyips
  The ghost of Ziatichuqu the Cleaver, a journeyman DsFi of Okawaru (D:14)
  6 entropy weavers
  A spark wasp (Spider:3)
  An ettin (Vaults:1)
  4 eleionomae
  A yaktaur captain (D:13)
  18 hydras
  Fannar (D:9)
  A rakshasa (D:15)
  12 boulder beetles
  6 catoblepae
  An ironbound thunderhulk (Vaults:1)
  A ghost crab (Swamp:4)
  6 centaur warriors
  14 two-headed ogres
  5 alligators
  An ice dragon (Swamp:1)
  6 death yaks (Lair:6)
  An ogre mage (Volcano)
  Erica (Orc:1)
  A death knight (D:13)
  Urug (Orc:2)
  3 tengu warriors
  An orc high priest (Orc:2)
  The ghost of Sikroth the Cleaver, a novice MiBe of Trog (D:7)
  An ironbound beastmaster (Vaults:1)
  A hell knight (Volcano)
  7 goliath frogs
  The ghost of PanSaczeczos the Destroyer, a novice TeCj of Okawaru (D:11)
  A skeletal warrior (D:13)
  2 deep trolls (Vaults:1)
  4 spriggan druids (Swamp:4)
  A glowing orange brain (D:11)
  6 swamp dragons
  2 ironbound convokers (Vaults:1)
  3 bog bodies (Swamp:4)
  4 lindwurms
  A wizard (Vaults:1)
  2 phantasmal warriors (Swamp:4)
  Pikel (D:7)
  4 spectral hydras (Swamp:4)
  25 orb spiders
  2 deep elf pyromancers (D:14)
  2 orc knights
  4 orc sorcerers
  5 harpies (Vaults:1)
  4 oklob plants (Lair:5)
  7 manticores
  21 ugly things
  31 wolf spiders
  2 will-o-the-wisps
  3 cyclopes
  A cyclops (shapeshifter) (D:15)
  A salamander (D:15)
  4 moths of wrath
  Joseph (Lair:1)
  An eye of devastation (Lair:5)
  4 elephants
  3 centaur zombies
  2 molten gargoyles (Volcano)
  A smoke demon (Gauntlet)
  2 torpor snails
  4 black mambas
  4 gargoyles
  14 cane toads
  11 komodo dragons
  An unseen horror (D:10)
  9 demonic crawlers
  4 yaktaurs
  3 rime drakes
  A rime drake (shapeshifter) (D:11)
  A tengu conjurer (D:8)
  4 swamp worm zombies (Swamp:4)
  A polar bear (Lair:3)
  A red devil (Gauntlet)
  A bloated husk (Swamp:1)
  3 hydra zombies (Swamp:4)
  43 jumping spiders
  10 tyrant leeches
  26 hornets
  10 trolls
  A spectral swamp dragon (Swamp:4)
  13 blink frogs
  4 alligator zombies (Swamp:4)
  70 redbacks
  4 water elementals (D:10)
  3 shadows
  29 tarantellas
  3 wraiths
  25 spriggans
  4 wyverns
  2 fire bats (Volcano)
  68 yaks
  5 fire elementals (Spider:2)
  7 basilisks
  3 large abominations (Gauntlet)
  2 neqoxecs (D:11)
  29 vampire mosquitoes
  2 wargs (Orc:1)
  5 steam dragons
  An acid dragon (D:13)
  18 swamp worms
  3 hell hounds (Spider:2)
  17 water moccasins
  A floating eye (Lair:5)
  2 ice beasts
  5 swamp drakes
  4 swamp dragon zombies (Swamp:4)
  31 orc warriors
  12 ogres
  3 sky beasts (D:12)
  5 black bears
  2 necrophages
  15 wolves
  The ghost of kae the Pure, an amateur DsAK of Lugonu (D:4)
  23 centaurs
  6 phantoms
  4 lemures (D:7)
  Blork the orc (D:6)
  7 bullfrogs
  5 scorpions
  3 gnoll sergeants
  A water moccasin zombie (D:6)
  A water moccasin skeleton (D:5)
  8 killer bees
  A vampire bat (Orc:2)
  5 howler monkeys
  10 electric eels
  7 lava snakes (Volcano)
  3 crimson imps (Gauntlet)
  5 hounds
  17 orc priests
  2 centaur skeletons
  A gnoll shaman (D:5)
  A jelly (shapeshifter) (D:11)
  Crazy Yiuf (D:2)
  5 iguanas
  A bullfrog skeleton (D:5)
  21 orc wizards
  8 hell rats
  A spectral swamp drake (Swamp:4)
  4 small abominations (Gauntlet)
  3 killer bee zombies
  2 hound zombies (D:5)
  3 howler monkey zombies
  15 gnolls
  2 swamp drake zombies (Swamp:4)
  7 adders
  15 river rats
  3 shadow imps
  2 white imps
  An ufetubus (D:4)
  An adder skeleton (D:4)
  A worm (D:3)
  4 dart slugs
  60 orcs
  11 ball pythons
  11 endoplasms
  3 giant cockroaches
  8 goblins
  7 hobgoblins
  12 jackals
  4 quokkas
  10 bats
  6 frilled lizards
  16 kobolds
  A rat (shapeshifter) (D:11)
  12 rats
1212 creatures vanquished.

Vanquished Creatures (collateral kills)
  An orc knight (Orc:2)
  4 kobolds (Bailey)
5 creatures vanquished.

Vanquished Creatures (others)
  An ogre mage (D:15)
  A goliath frog (Swamp:3)
  A yaktaur (D:13)
  An orc warrior (Orc:2)
  6 bloated husks
  2 tarantellas (Spider:4)
  A vampire mosquito (D:13)
  A phantom (Swamp:4)
  A river rat (Lair:5)
  An orc (Orc:2)
  A goblin (Bailey)
  A rat (Lair:5)
  A bush (Lair:2)
  4 demonic plants (Gauntlet)
  6 foxfires
  26 fungi
  62 plants
  12 withered plants (D:1)
129 creatures vanquished.

Grand Total: 1346 creatures vanquished

Notes
Turn   | Place    | Note
-------+----------+-------------------------------------------
     0 | D:1      | funkygono the Minotaur Fighter began the quest for the Orb.
     0 | D:1      | Reached XP level 1. HP: 19/19 MP: 0/0
    13 | D:1      | Found Tiemisao's Armour Shoppe.
   320 | D:1      | Reached XP level 2. HP: 27/27 MP: 1/1
   401 | D:1      | Reached skill level 4 in Shields
   561 | D:1      | Reached XP level 3. HP: 32/33 MP: 2/2
   888 | D:1      | Found a faded altar of an unknown god.
  1340 | D:2      | Reached skill level 1 in Dodging
  1437 | D:2      | Reached XP level 4. HP: 40/40 MP: 3/3
  1879 | D:2      | Found a runed translucent door.
  1880 | D:2      | Noticed Crazy Yiuf
  1887 | D:2      | Killed Crazy Yiuf
  2358 | D:3      | Noticed a necrophage
  2388 | D:2      | Killed a necrophage
  2389 | D:2      | Reached XP level 5. HP: 37/47 MP: 4/4
  2621 | D:3      | Found Byoqoff's Magic Scroll Shop.
  2755 | D:3      | Found Koeriu Lyuf's Book Shoppe.
  2767 | D:3      | Found a bloodstained altar of Trog.
  2993 | D:3      | Found a white marble altar of Elyvilon.
  3109 | D:4      | Noticed an ogre
  3121 | D:3      | Reached XP level 6. HP: 53/53 MP: 5/5
  3133 | D:4      | Reached skill level 5 in Armour
  3133 | D:4      | Reached skill level 5 in Shields
  3758 | D:4      | Reached skill level 5 in Fighting
  3758 | D:4      | Reached skill level 5 in Maces & Flails
  3758 | D:4      | Reached XP level 7. HP: 58/61 MP: 6/6
  3885 | D:4      | Found a runed translucent door.
  3885 | D:4      | Noticed kae's ghost (amateur DsAK)
  4029 | D:4      | Reached skill level 6 in Shields
  4268 | D:4      | Killed kae's ghost
  4368 | D:5      | Entered Level 5 of the Dungeon
  4490 | D:5      | Reached XP level 8. HP: 69/69 MP: 7/7
  4611 | D:5      | Found a staircase to the Ecumenical Temple.
  4618 | Temple   | Entered the Ecumenical Temple
  4685 | Temple   | Became a worshipper of Warmaster Okawaru
  4892 | D:5      | Reached skill level 7 in Shields
  5359 | D:5      | Reached skill level 1 in Stealth
  5471 | D:6      | Reached * piety under Okawaru
  5531 | D:6      | Reached skill level 8 in Shields
  5568 | D:6      | Found a shadowy altar of Dithmenos.
  5587 | D:6      | Reached XP level 9. HP: 75/75 MP: 8/8
  5918 | D:6      | Found a burning altar of Makhleb.
  6047 | D:6      | Found a hide-covered altar of Uskayaw.
  6441 | D:6      | Noticed Blork the orc
  6451 | D:6      | Killed Blork the orc
  6451 | D:6      | Reached ** piety under Okawaru
  6663 | D:7      | Noticed Pikel
  6692 | D:7      | Killed Pikel
  6693 | D:7      | Reached skill level 10 in Maces & Flails
  6693 | D:7      | Reached skill level 9 in Shields
  6733 | D:7      | Found Qodum's Weapon Shoppe.
  6739 | D:7      | Upgraded the game from 0.27-a0-1137-g3ef0f4ec91 to
                  | 0.27-a0-1140-g099f9bb0e8
  6820 | D:7      | Found a transporter.
  6823 | D:7      | Noticed a moth of wrath
  6844 | D:7      | Found a transporter.
  6983 | D:7      | Found an opulent altar of Gozag.
  6989 | D:7      | Found an ancient bone altar of Kikubaaqudgha.
  6989 | D:7      | Found a snail-covered altar of Cheibriados.
  7351 | D:8      | Noticed a gargoyle
  7352 | D:8      | Noticed a gargoyle
  7356 | D:8      | Noticed a manticore
  7360 | D:8      | Noticed a boulder beetle
  7705 | D:8      | Killed a manticore
  7706 | D:8      | Reached XP level 10. HP: 73/86 MP: 9/9
  7827 | D:8      | Killed a gargoyle
  7827 | D:8      | Reached *** piety under Okawaru
  7828 | D:8      | Reached skill level 1 in Invocations
  7908 | D:8      | Found a blossoming altar of Fedhas.
  8003 | D:8      | Killed a boulder beetle
  8004 | D:8      | Reached skill level 10 in Shields
  8004 | D:8      | Reached skill level 1 in Evocations
  8749 | D:9      | Noticed a two-headed ogre
  8763 | D:9      | Killed a two-headed ogre
  8763 | D:9      | Reached **** piety under Okawaru
  9326 | D:8      | Killed a gargoyle
  9514 | D:7      | Noticed Sikroth's ghost (novice MiBe)
  9568 | D:10     | Entered Level 10 of the Dungeon
  9568 | D:10     | Noticed Fannar
  9583 | D:9      | Killed Fannar
  9584 | D:9      | Reached XP level 11. HP: 95/95 MP: 9/11
  9608 | D:10     | Reached ***** piety under Okawaru
  9994 | D:10     | Reached skill level 11 in Shields
 10384 | D:9      | Identified the ring of Putop {rF+ rN+ rCorr}
 10439 | D:11     | Found a staircase to the Lair.
 10483 | D:11     | Noticed a two-headed ogre
 10494 | D:11     | Killed a two-headed ogre
 10616 | D:11     | Received a gift from Okawaru
 10687 | D:11     | Reached skill level 12 in Shields
 10881 | D:11     | Found a runed translucent gate.
 10882 | D:11     | Found a runed translucent gate.
 10882 | D:11     | Found a runed translucent gate.
 10882 | D:11     | Noticed a purple very ugly thing
 10882 | D:11     | Noticed a purple ugly thing
 10882 | D:11     | Noticed a green ugly thing
 10882 | D:11     | Noticed a purple ugly thing
 10883 | D:11     | Noticed a white ugly thing
 10884 | D:11     | Noticed a brown ugly thing
 10886 | D:11     | Noticed a glowing orange brain
 11135 | Lair:1   | Entered Level 1 of the Lair of Beasts
 11149 | Lair:1   | You fall into a shaft and drop 1 floor!
 11149 | Lair:2   | Found a staircase to the Swamp.
 11159 | Lair:2   | Noticed an eight-headed hydra
 11176 | Lair:2   | Killed an eight-headed hydra
 11177 | Lair:2   | Reached skill level 1 in Crossbows
 11177 | Lair:2   | Reached skill level 10 in Armour
 11271 | Lair:2   | Reached XP level 12. HP: 75/105 MP: 13/13
 11352 | Lair:2   | Noticed a six-headed hydra
 11361 | Lair:2   | Killed a six-headed hydra
 11948 | Lair:1   | Noticed Joseph
 11961 | Lair:1   | Killed Joseph
 12241 | Lair:2   | Noticed a seven-headed hydra
 12249 | Lair:2   | Killed a seven-headed hydra
 12281 | Lair:2   | Noticed a seven-headed hydra
 12293 | Lair:2   | Killed a seven-headed hydra
 12365 | Lair:2   | Reached skill level 10 in Fighting
 12424 | Lair:2   | Found a hole to the Spider Nest.
 12593 | Lair:2   | Reached skill level 5 in Crossbows
 12644 | Lair:2   | Reached skill level 13 in Shields
 13097 | Lair:3   | Identified the +5 chain mail "Qimetos" {*Slow Int+5}
                  | (Okawaru gifted it to you on level 3 of the Lair of Beasts)
 13097 | Lair:3   | Received a gift from Okawaru
 13236 | Lair:3   | Noticed a catoblepas
 13254 | Lair:3   | Killed a catoblepas
 13443 | Lair:3   | Noticed a seven-headed hydra
 13450 | Lair:3   | Killed a seven-headed hydra
 13501 | Lair:3   | Noticed a six-headed hydra
 13511 | Lair:3   | Killed a six-headed hydra
 13512 | Lair:3   | Reached XP level 13. HP: 91/114 MP: 11/14
 14219 | D:7      | Killed Sikroth's ghost
 14415 | D:12     | Found a staircase to the Orcish Mines.
 14434 | D:12     | Found a flagged portal.
 14457 | Bailey   | Entered a bailey
 14785 | Bailey   | Found the +0 mask of the Dragon {Will+ Slay+3 SInv}
 15309 | D:12     | Reached skill level 14 in Shields
 15464 | D:12     | Received a gift from Okawaru
 15591 | D:12     | Reached skill level 5 in Dodging
 15780 | D:12     | Received a gift from Okawaru
 15966 | D:11     | Received a gift from Okawaru
 15979 | D:11     | Killed a white very ugly thing
 16007 | D:11     | Found a runed translucent gate.
 16007 | D:11     | Found a runed translucent gate.
 16010 | D:11     | Noticed PanSaczeczos's ghost (novice TeCj)
 16012 | D:11     | Found a runed translucent gate.
 16043 | D:11     | Received a gift from Okawaru
 16044 | D:11     | Found the +3 hat of Pondering {ponderous, Will+ MP+10
                  | Int+5}
 16049 | D:11     | Killed PanSaczeczos's ghost
 16141 | D:11     | Learned a level 1 spell: Apportation
 16287 | Orc:1    | Entered Level 1 of the Orcish Mines
 16289 | Orc:1    | Noticed Erica
 16306 | Orc:1    | Killed Erica
 16400 | Orc:2    | Entered Level 2 of the Orcish Mines
 16634 | Orc:2    | Reached skill level 15 in Maces & Flails
 16638 | Orc:2    | Noticed Urug
 16662 | Orc:2    | Killed Urug
 16772 | Orc:2    | Reached XP level 14. HP: 108/125 MP: 16/16
 16798 | Orc:2    | Noticed Saint Roka
 16896 | Orc:2    | Found an iron altar of Okawaru.
 17028 | Orc:2    | Killed Saint Roka
 17029 | Orc:2    | Reached skill level 15 in Shields
 17203 | Orc:2    | Found Xonoutz's Antique Armour Shop.
 17231 | Orc:2    | Found Ceixov Pext's Antique Weapon Shop.
 17249 | Orc:2    | Found a staircase to the Elven Halls.
 17254 | Orc:2    | Found Xaxaur's General Store.
 17261 | Orc:2    | Found Furogext's Book Shop.
 17380 | Orc:2    | Bought a scroll of acquirement for 624 gold pieces
 17381 | Orc:2    | Acquired the +2 pair of boots of Decompression {Drain rPois
                  | Will+++ Str-2}
 17912 | Orc:1    | Found Munkioz's Magic Scroll Emporium.
 17951 | Orc:1    | Bought a scroll of acquirement for 728 gold pieces
 17956 | Orc:1    | Acquired a manual of Maces & Flails
 18129 | Orc:1    | Found Tymanwaj's Distillery.
 18388 | Lair:4   | Found an opulent altar of Gozag.
 18640 | Lair:4   | Found a dark tunnel.
 18647 | Volcano  | Entered a volcano
 18917 | Volcano  | Found a burning altar of Makhleb.
 18932 | Volcano  | Received a gift from Okawaru
 19026 | Volcano  | Identified the +0 pair of boots of Blue Skies {Rampage
                  | rPois rN+++ Int-3}
 19608 | Lair:4   | You are sucked into a shaft and drop 1 floor!
 19921 | Lair:5   | Found a staircase to the Slime Pits.
 21193 | Lair:6   | Entered Level 6 of the Lair of Beasts
 21232 | Lair:6   | Received a gift from Okawaru
 21233 | Lair:6   | Reached skill level 16 in Shields
 21240 | Lair:6   | Reached XP level 15. HP: 123/136 MP: 17/17
 21427 | Lair:6   | Received a gift from Okawaru
 21485 | Lair:6   | Reached skill level 10 in Crossbows
 23564 | D:13     | Received a gift from Okawaru
 23601 | D:13     | Found a gate to the Vaults.
 23722 | D:13     | Reached skill level 17 in Shields
 24305 | D:14     | Received a gift from Okawaru
 24316 | D:14     | Reached ****** piety under Okawaru
 24590 | D:14     | Found a runed translucent gate.
 24591 | D:14     | Found a runed translucent gate.
 24591 | D:14     | Noticed Ziatichuqu's ghost (journeyman DsFi)
 24592 | D:14     | Found a runed translucent gate.
 24631 | D:14     | Killed Ziatichuqu's ghost
 24632 | D:14     | Reached XP level 16. HP: 117/147 MP: 18/18
 24760 | D:14     | You are sucked into a shaft and drop 1 floor!
 24760 | D:15     | Entered Level 15 of the Dungeon
 24760 | D:15     | Found a shimmering altar of Xom.
 25091 | D:15     | Found a gate leading to a gauntlet.
 25116 | Gauntlet | Entered a Gauntlet
 25116 | Gauntlet | Found a transporter.
 25116 | Gauntlet | Found a transporter.
 25118 | Gauntlet | Found a transporter.
 25122 | Gauntlet | Found a transporter.
 25122 | Gauntlet | Found a transporter.
 25123 | Gauntlet | Found a transporter.
 25152 | Gauntlet | Found a transporter.
 25155 | Gauntlet | Found a transporter.
 25163 | Gauntlet | Found a transporter.
 25179 | Gauntlet | Found a transporter.
 25193 | Gauntlet | Found a transporter.
 25197 | Gauntlet | Found a transporter.
 25199 | Gauntlet | Found a runed translucent gate.
 25199 | Gauntlet | Found a runed translucent gate.
 25199 | Gauntlet | Found a runed translucent gate.
 25398 | Gauntlet | Identified the +0 pair of boots of Xureaw {Int+4}
 25559 | D:15     | Found a staircase to the Depths.
 25585 | D:15     | Received a gift from Okawaru
 26599 | Swamp:1  | Entered Level 1 of the Swamp
 26710 | Swamp:1  | Identified the Collected Works on the Frigorific Mountains
 27215 | Swamp:1  | You are sucked into a shaft and drop 1 floor!
 27449 | Swamp:2  | Received a gift from Okawaru
 27450 | Swamp:2  | Reached skill level 18 in Shields
 27665 | Swamp:2  | Received a gift from Okawaru
 28288 | Swamp:1  | Identified the +9 dire flail of Viughaics {holy, rElec
                  | Int+2} (Okawaru gifted it to you on level 1 of the Swamp)
 28288 | Swamp:1  | Received a gift from Okawaru
 28412 | Swamp:1  | Identified the +8 glaive of the Glimmering Seeker {freeze,
                  | *Noise rF+ rN+++}
 28570 | Swamp:3  | Reached skill level 15 in Fighting
 28619 | Swamp:3  | Noticed wakim's ghost (adept DECj)
 28627 | Swamp:3  | Found a runed translucent gate.
 28636 | Swamp:3  | Found a runed translucent gate.
 28647 | Swamp:3  | Found a runed translucent gate.
 28930 | Swamp:3  | Found a snail-covered altar of Cheibriados.
 29179 | Swamp:3  | Reached XP level 17. HP: 156/156 MP: 19/19
 29632 | Swamp:3  | Killed wakim's ghost
 29684 | Swamp:4  | Entered Level 4 of the Swamp
 29802 | Swamp:4  | Received a gift from Okawaru
 30054 | Swamp:4  | Received a gift from Okawaru
 30293 | Swamp:4  | Received a gift from Okawaru
 30584 | Swamp:4  | Acquired the +18 shield of the Gong {rElec rN+ Will+ EV-5}
 30585 | Swamp:4  | Found the +18 shield of the Gong {rElec rN+ Will+ EV-5}
 30598 | Swamp:4  | Acquired 905 gold pieces
 30778 | Swamp:4  | Noticed a bone dragon
 30809 | Swamp:4  | Killed a bone dragon
 30868 | Swamp:4  | Got a decaying rune of Zot
 31248 | Spider:1 | Entered Level 1 of the Spider Nest
 31266 | Lair:2   | Reached skill level 19 in Shields
 31388 | Lair:2   | Identified the +8 arbalest of Candle {elec, rPois rF+ rN+
                  | Dex+4} (Okawaru gifted it to you on level 2 of the Lair of
                  | Beasts)
 31388 | Lair:2   | Received a gift from Okawaru
 31407 | Lair:2   | Reached skill level 15 in Armour
 32043 | Spider:1 | You are sucked into a shaft and drop 1 floor!
 32128 | Spider:2 | Noticed Azrael
 32187 | Spider:2 | Killed Azrael
 32189 | Spider:2 | Received a gift from Okawaru
 32294 | Spider:2 | Received a gift from Okawaru
 32449 | Spider:2 | Identified the ring "Ryathram" {Will- rCorr Str+6 SInv}
 32513 | Spider:2 | Learned a level 1 spell: Sandblast
 32516 | Spider:2 | Learned a level 2 spell: Passwall
 32781 | Spider:2 | Reached XP level 18. HP: 166/166 MP: 17/20
 32847 | Spider:1 | Learned a level 1 spell: Beastly Appendage
 33390 | Spider:3 | Received a gift from Okawaru
 33397 | Spider:3 | Reached skill level 20 in Shields
 33588 | Spider:3 | Noticed Arachne
 33624 | Spider:3 | Killed Arachne
 34288 | Spider:4 | Entered Level 4 of the Spider Nest
 34300 | Spider:4 | Reached skill level 5 in Invocations
 35183 | Spider:4 | Received a gift from Okawaru
 35953 | Spider:4 | Reached skill level 21 in Shields
 36211 | Spider:4 | Received a gift from Okawaru
 36341 | Spider:4 | Got a gossamer rune of Zot
 36630 | Vaults:1 | Entered Level 1 of the Vaults
 36793 | Vaults:1 | Reached XP level 19. HP: 55/177 MP: 22/22
 36798 | Vaults:1 | HP: 8/177 [ironbound frostheart/frost (21)]
 36812 | Vaults:1 | Killed from afar by an ironbound frostheart

Illustrated notes

Levels and vault maps discovered:
D:1:      lightli_iron_boxes, layout_loops_ring, serial_shops, shop,
          shapermc_ecumenical_altar_flowoftime
D:2:      minmay_diamond_boxcup, layout_basic, uniq_crazy_yiuf_cottage
D:3:      layout_rooms, elyvilon_altar_4, bloody_trog, serial_shops,
          nicolae_shop_trees, nicolae_shop_behind_doors,
          amcnicky_mini_corridor_feature
D:4:      layout_loops_cross, hellmonk_ghost_happy_afterlife, minmay_cut_off
D:5:      minmay_thinvault, layout_gridville, minmay_temple_entry_tees,
          kennysheep_donut
D:6:      layout_basic, grunt_dithmenos_smoke, nicolae_uskayaw_dance_hall,
          bloody_makhleb, uniq_blork_the_orc
D:7:      layout_rooms, grunt_temple_overflow_open, serial_shops,
          nicolae_shop_trees, gammafunk_ghost_berserking_beasts, uniq_pikel
D:8:      layout_loops_corners, amcnicky_altar_gilded, serial_bayou,
          serial_bayou_shore_b, serial_bayou_lake_a, serial_bayou_lagoon_a,
          serial_bayou_pond_d, minmay_the_grid_2x2 [minmay_the_grid_tree,
          minmay_the_grid_dragon_b, minmay_the_grid_empty,
          minmay_the_grid_prize_inner_circle]
D:9:      layout_rooms, nicolae_straight_to_the_point
D:10:     layout_basic, nicolae_underground_beach, uniq_fannar
D:11:     layout_rooms, lair_entry_dummy,
          ploomutoo_gammafunk_ghost_potion_laboratory, minmay_misc_feat_room
D:12:     layout_stronghold, orc_0_dummy, enter_bailey_5, hangedman_misty_isle
D:13:     layout_loops_ring, david_vaults_2
D:14:     layout_long_grid, infiniplex_staircase_pillars_3b,
          gammafunk_ghost_hydra_chop
D:15:     hangedman_depths_entry_try_elsewhere_first, layout_rooms,
          hangedman_decor_slide_cut, gauntlet_entry_generic, xom_teletrap_fun
Temple:   dshaligram_water_room_temple
Lair:1:   layout_regular_city, infiniplex_staircase_pool, grunt_megastairs_1,
          uniq_joseph
Lair:2:   layout_cave_pods, palyth_hydra_swamp_entry, spider_nest_entry_a,
          lemuel_fruit_fields, grunt_megastairs_4
Lair:3:   layout_chaotic_city, minmay_stone_trees_medium,
          kennysheep_abandoned_house
Lair:4:   layout_loops_ring, enter_volcano_2, basic_altar, serial_bayou_shore_b
Lair:5:   layout_small_grid, minmay_slime_entry_eyes,
          chequers_serial_rivers_micro_a, kennysheep_rathole,
          serial_bayou_shore_a, minmay_lair_oklob_chamber, lemuel_fruit_tree,
          grunt_megastairs_5, infiniplex_staircase_pool_2, lemuel_fruit_fields
Lair:6:   evilmike_catoblepas_cave, layout_long_grid, st_stairs_3
Swamp:1:  layout_basic_swamp, portal_ice_cave_entry_dragon,
          nicolae_swamp_bean_lake
Swamp:2:  layout_basic_swamp, nicolae_swamp_treefoil
Swamp:3:  layout_basic_swamp, ebering_ghost_rock_garden,
          nicolae_swamp_little_swirl, swamp_pool5, lemuel_altar_in_water,
          nicolae_swamp_triple_paths
Swamp:4:  swamp_pestilence, layout_basic_swamp
Spider:1: layout_spider_delve, nicolae_spider_webs_and_nodes,
          nicolae_spider_moth_buddies
Spider:2: layout_spider_delve, nicolae_spider_nook, uniq_azrael
Spider:3: layout_spider_delve, uniq_arachne
Spider:4: grunt_spider_rune_circles
Orc:1:    layout_caves, serial_shops, shop_coins, shop_statue, uniq_erica
Orc:2:    grunt_orc_cross, layout_diamond_mine, roderic_batcave,
          okawaru_metal_pillars_1_2
Vaults:1: nicolae_vaults_stairing_the_circle, nicolae_vaults_triangles,
          v_rooms_3, vaults_mumra_chevron, vaults_dpeg_hooks,
          nicolae_vaults_specimen_jars, v_misc_3, layout_vaults_omnicross,
          mu_enter_wizlab_1

Skill      XL: |  1  2  3  4  5  6  7  8  9 10 11 12 13 14 15 16 17 18 |
---------------+-------------------------------------------------------+-----
Fighting       | 4 5 6 7 8 9 10 11 13 14 15 16 17 | 17.0
Shields        | 4 5 6 8 9 10 12 13 14 16 17 18 19 21 | 21.5
Armour         | 4 5 6 7 9 10 11 12 13 14 15 | 15.5
Dodging        | 1 2 3 4 5 6 8 9 |  9.9
Maces & Flails | 3 4 5 6 8 10 12 13 14 15 16 17 18 19 | 19.7
Stealth        | 1 2 |  2.2
Invocations    | 2 3 4 5 |  5.5
Evocations     | 1 2 3 4 |  4.3
Crossbows      | 1 7 8 9 10 11 12 | 12.0
Spellcasting   | |  0.3

Action                   |  1- 3 |  4- 6 |  7- 9 | 10-12 | 13-15 | 16-18 | 19-21 || total
-------------------------+-------+-------+-------+-------+-------+-------+-------++-------
Melee: Flail             |   121 |   143 |   321 |   576 |  1245 |  1603 |    11 ||  4020
       Headbutt          |    25 |    29 |    84 |   152 |   365 |   522 |     6 ||  1183
 Fire: Hand crossbow     |       |       |       |    86 |   423 |   456 |       ||   965
 Cast: Apportation       |       |       |       |       |     2 |       |       ||     2
Invok: Heroism           |       |       |     8 |    31 |    36 |    44 |       ||   119
       Finesse           |       |       |       |       |     1 |       |       ||     1
Evoke: Wand              |       |       |     7 |    23 |    31 |    60 |       ||   121
  Use: Scroll            |     2 |     3 |     4 |     7 |    13 |     7 |     1 ||    37
       Potion            |       |       |     1 |     2 |     4 |     3 |     5 ||    15
 Stab: Paralysed         |       |       |       |     1 |       |     8 |       ||     9
Armor: Scale mail        |    39 |       |       |       |       |       |       ||    39
       Chain mail        |     1 |    88 |   109 |    83 |       |       |       ||   281
       Plate armour      |       |       |       |   158 |   560 |   949 |     4 ||  1671
Dodge: Dodged            |    29 |    47 |    67 |   155 |   376 |   484 |     1 ||  1159
Block: Kite shield       |    56 |   100 |   190 |   382 |  1065 |  2092 |    27 ||  3912

Table legend: (Time is in decaauts)
 A = Elapsed time spent in this place.
 B = Non-inter-level travel time spent in this place.
 C = Inter-level travel time spent in this place.
 D = Time resting spent in this place.
 E = Time spent auto-exploring this place.
 F = Levels seen in this place.
 G = Mean time per level.
                   A        B        C        D        E       F      G
               +--------+--------+--------+--------+--------+-----+--------+
         Total |  35866 |  33247 |   2619 |    833 |  22850 |  36 |  996.3 |
       Dungeon |  16105 |  15029 |   1076 |    258 |  10680 |  15 | 1073.7 |
        Temple |     76 |     67 |      9 |      0 |     48 |   1 |   76.0 |
          Lair |   7829 |   6938 |    891 |    524 |   4792 |   6 | 1304.8 |
         Swamp |   4379 |   4069 |    310 |     51 |   2768 |   4 | 1094.8 |
   Spider Nest |   4025 |   3750 |    275 |      0 |   2591 |   4 | 1006.2 |
  Orcish Mines |   1946 |   1889 |     57 |      0 |   1323 |   2 |  973.0 |
        Vaults |    154 |    154 |      0 |      0 |     49 |   1 |  154.0 |
        Bailey |    419 |    419 |      0 |      0 |    130 |   1 |  419.0 |
       Volcano |    529 |    529 |      0 |      0 |    353 |   1 |  529.0 |
      Gauntlet |    398 |    398 |      0 |      0 |    116 |   1 |  398.0 |
               +--------+--------+--------+--------+--------+-----+--------+

Top non-repeatable levels by time:
  Lair:2: 2142 daAuts
Spider:4: 1662 daAuts
     D:8: 1547 daAuts
  Lair:6: 1491 daAuts
   Orc:2: 1480 daAuts
     D:2: 1433 daAuts
    D:11: 1408 daAuts
  Lair:5: 1281 daAuts
 Swamp:4: 1270 daAuts
     D:4: 1164 daAuts
 Swamp:3: 1143 daAuts
    D:14: 1097 daAuts
     D:6: 1097 daAuts
     D:1: 1088 daAuts
 Swamp:1: 1079 daAuts
